 Dungeon Crawl Stone Soup version 0.22-a0-166-g5351223 (webtiles) character file.

30 MatthieuS the Shooter (level 3, 0/30 HPs)
             Began as a Centaur Hunter on Feb 13, 2018.
             Succumbed to a kobold's poison
             ... on level 1 of the Dungeon.
             The game lasted 00:01:48 (559 turns).

MatthieuS the Shooter (Centaur Hunter)               Turns: 559, Time: 00:01:49

Health: 0/30       AC:  6    Str: 14    XL:     3   Next: 3%
Magic:  3/3        EV:  7    Int: 10    God:
Gold:   25         SH:  0    Dex: 10    Spells: 2/2 levels left

rFire    . . .     SeeInvis .   a - +0 short sword
rCold    . . .     Gourm    .   (no shield)
rNeg     . . .     Faith    .   e - +0 scale mail
rPois    .         Spirit   .   (no helmet)
rElec    .         Reflect  .   (no cloak)
rCorr    .         Harm     .   (no gloves)
MR       .....                  (no barding)
Stlth    ..........             (no amulet)
HPRegen  0.10/turn              (no ring)
MPRegen  0.08/turn              (no ring)

@: lethally poisoned (0 -> -27), very quick
A: large, hooves 3, deformed body, speed 2, tough skin 3
a: no special abilities


You were on level 1 of the Dungeon.
You were not hungry.

You visited 1 branch of the dungeon, and saw 1 of its levels.

You collected 25 gold pieces.

Inventory:

Hand Weapons
 a - a +0 short sword (weapon)
 w - a +1 shortbow
Missiles
 d - 11 arrows
Armour
 c - a +0 leather armour
 e - a +0 scale mail (worn)
Comestibles
 b - 2 chunks of flesh
 f - 3 rations


   Skills:
 + Level 2.4 Fighting
 * Level 6.0 Bows
 + Level 1.8 Dodging
 - Level 0.4 Stealth


You had 2 spell levels left.
You didn't know any spells.

Dungeon Overview and Level Annotations

Branches:
Dungeon (1/15)

Altars:


Innate Abilities, Weirdness & Mutations

You have hooves in place of feet.
Armour fits poorly on your strangely shaped body.
You cover ground very quickly.
You have extremely tough skin. (AC +3)


Message History

You hit the kobold but do no damage. Your kick misses the kobold.
The kobold is severely wounded.
* * * LOW HITPOINT WARNING * * *
You feel sick. The kobold hits you but does no damage.
You are more poisoned.
You barely miss the kobold. You kick the kobold, but do no damage.
The kobold is severely wounded.
* * * LOW HITPOINT WARNING * * *
You feel sick.
The kobold hits you with a dagger of venom.
* * * LOW HITPOINT WARNING * * *
You are more poisoned.
* * * LOW HITPOINT WARNING * * *
You feel sick.
The kobold throws a stone.
The stone barely misses you.
You see here a stone.
You aren't carrying any potions.
* * * LOW HITPOINT WARNING * * *
You feel sick.
The kobold throws a stone.
The stone hits you but does no damage.
You die...

.##.#.††..## ##.##..###
>........(.###...#.....
[...#.####..((......##
# # #####.(.#### ##(##
#K# #.# #####(# #.!@..#
#.##### #


There were no monsters in sight!

Vanquished Creatures
  A dart slug (D:1)
  4 giant cockroaches (D:1)
  2 goblins (D:1)
  5 hobgoblins (D:1)
  4 jackals (D:1)
  3 bats (D:1)
  A frilled lizard (D:1)
  A kobold (D:1)
  4 rats (D:1)
25 creatures vanquished.

Notes
Turn   | Place    | Note
-------+----------+-------------------------------------------
     0 | D:1      | MatthieuS the Centaur Hunter began the quest for the Orb.
     0 | D:1      | Reached XP level 1. HP: 17/17 MP: 1/1
   190 | D:1      | Reached XP level 2. HP: 10/24 MP: 2/2
   521 | D:1      | Reached skill level 6 in Bows
   547 | D:1      | Reached XP level 3. HP: 14/30 MP: 3/3
   558 | D:1      | HP: 1/30 [poisoned by a kobold]
   559 | D:1      | Succumbed to a kobold's poison

Vault maps used:
D:1:      dpeg_arrival_prison

Skill      XL: |  1  2 |
---------------+-------+-----
Bows           | 6 |  6.0
Fighting       | |  2.4
Dodging        | |  1.8
Stealth        | |  0.4

Action                   || total
-------------------------++-------
Melee: Short sword       ||    77
       Kick              ||    14
 Fire: Shortbow          ||    20
Armor: Leather armour    ||    21
       Scale mail        ||    37
Dodge: Dodged            ||    46

Table legend:
 A = Spawn XP
 B = Non-spawn XP
 C = Spawn XP percentage of total XP
 D = Spawn monster count
 E = Non-spawn monster count
 F = Spawn count percentage of total count
 G = Total turns spent on level
                    A         B        C        D         E        F      G
               +---------+---------+-------+---------+---------+-------+---------
         Total |       0 |      43 |   0.0 |       0 |      25 |   0.0 |   559
               +---------+---------+-------+---------+---------+-------+---------
           D:1 |       0 |      43 |   0.0 |       0 |      25 |   0.0 |   559
               +---------+---------+-------+---------+---------+-------+---------
